 Dungeon Crawl Stone Soup version 0.30.0-29-ga12c61a403 (webtiles) character file.

Game seed: 12952081753451940722

107471 Chilbo the Spry (level 16, 0/134 HPs)
             Began as a Merfolk Ice Elementalist on June 11, 2023.
             Was the Champion of Makhleb.
             Engulfed by a ghost crab's spectral mist (7 damage)
             ... on level 3 of the Swamp.
             The game lasted 03:57:40 (26638 turns).

Chilbo the Spry (Merfolk Ice Elementalist)         Turns: 26638, Time: 03:57:41

Health: 0/134      AC: 18    Str: 14    XL:     16   Next: 47%
Magic:  23/23      EV: 16    Int: 24    God:    Makhleb [******]
Gold:   2217       SH: 13    Dex: 15    Spells: 10/25 levels left

rFire   . . .        R - +1 demon trident (drain)
rCold   . . .        I - +1 kite shield of the Crypt {Int+5 Stlth+}
rNeg    . . .        L - +5 ring mail of the Stone Wall {rElec Int+3}
rPois   +            o - +0 helmet
rElec   +            l - +2 cloak
rCorr   .            p - +0 pair of gloves
SInv    .            q - +2 pair of boots {rampage}
Will    +....        i - amulet of regeneration
Stlth   ++           j - ring of poison resistance
HPRegen 1.22/turn    E - +4 ring of protection
MPRegen 0.18/turn

%: random rage (3%), rampage
@: corroded, unable to drink
A: (nimble swimmer 2), mertail, berserk 1, inability to drink after injury 1
a: Renounce Religion, Minor Destruction, Lesser Servant of Makhleb, Major
Destruction, Greater Servant of Makhleb


You were on level 3 of the Swamp.
You worshipped Makhleb.
Makhleb was exalted by your worship.
You visited 5 branches of the dungeon, and saw 25 of its levels.
You also visited: Gauntlet.

You collected 2437 gold pieces.
You spent 220 gold pieces at shops.

Inventory:

Hand Weapons
 R - a +1 demon trident of draining (weapon)
Missiles
 e - 3 throwing nets
 f - 10 javelins (quivered)
 C - 70 poisoned darts
 Q - 2 curare-tipped darts
Armour
 l - a +2 cloak (worn)
 o - a +0 helmet (worn)
 p - a +0 pair of gloves (worn)
 q - a +2 pair of boots of rampaging (worn)
 y - the +0 robe of the Louse {rPois rF+ rN+ SInv}
   (You found it on level 6 of the Dungeon)

   rF:        It protects you from fire.
   rPois:     It protects you from poison.
   rN:        It protects you from negative energy.
   SInv:      It lets you see invisible.
 I - the +1 kite shield of the Crypt (worn) {Int+5 Stlth+}
   (You took it off a minotaur in a Gauntlet)

   Int:       It affects your intelligence (+5).
   Stlth:     It makes you more stealthy.
 L - the +5 ring mail of the Stone Wall (worn) {rElec Int+3}
   (You took it off a minotaur in a Gauntlet)

   Int:       It affects your intelligence (+3).
   rElec:     It insulates you from electricity.
 Y - a +2 leather armour of cold resistance
Jewellery
 g - a ring of flight
 h - a +6 ring of intelligence
 i - an amulet of regeneration (around neck)
 j - a ring of poison resistance (left hand)
 E - a +4 ring of protection (right hand)
Wands
 a - a wand of roots (33)
 r - a wand of light (14)
 w - a wand of mindburst (6)
 z - a wand of polymorph (14)
 K - a wand of flame (42)
 Z - a wand of paralysis (3)
Scrolls
 k - 11 scrolls of teleportation
 m - 5 scrolls of enchant armour
 n - 2 scrolls of poison {unknown}
 B - 3 scrolls of blinking
 D - 3 scrolls of fear
 H - 2 scrolls of fog
 J - a scroll of torment
 M - 2 scrolls of immolation
 N - 4 scrolls of enchant weapon
 P - 2 scrolls of silence
 U - 2 scrolls of amnesia
Potions
 b - 3 potions of magic
 c - 9 potions of might
 d - 4 potions of mutation
 s - 2 potions of resistance {unknown}
 t - a potion of berserk rage
 u - 6 potions of lignification
 v - 13 potions of curing
 A - 2 potions of invisibility
 F - a potion of cancellation
 G - a potion of ambrosia
 O - 5 potions of brilliance
 T - 6 potions of heal wounds
 V - 2 potions of haste
 W - 3 potions of flight
Miscellaneous
 S - a box of beasts
 X - a piece from Xom's chessboard (15/15)


   Skills:
 + Level 14.3 Fighting
 + Level 14.5 Polearms
 - Level 15.0 Dodging
 - Level 2.1 Stealth
 * Level 11.8 Shields
 - Level 5.0 Spellcasting
 - Level 5.0 Summonings
 - Level 8.5 Transmutations
 + Level 13.8 Ice Magic
 - Level 3.3 Poison Magic
 - Level 4.9 Invocations
 - Level 6.2 Evocations


You had 10 spell levels left.
You knew the following spells:

 Your Spells              Type           Power      Damage    Failure   Level
a - Freeze                Ice            100%       1d10      1%          1
b - Frozen Ramparts       Ice            100%       1d16      1%          3
c - Ozocubu's Armour      Ice            64%        N/A       1%          3
d - Summon Ice Beast      Ice/Summ       50%        N/A       9%          4
e - Ice Form              Ice/Tmut       56%        N/A       4%          4

Your spell library contained the following spells:

 Spells                   Type           Power      Damage    Failure   Level
 Beastly Appendage        Tmut           92%        N/A       1%          1
 Sting                    Tmut/Pois      100%       1d8       3%          1
 Ensorcelled Hibernation  Hex/Ice        78%        N/A       3%          2
 Call Imp                 Summ           60%        N/A       8%          2
 Passwall                 Tmut/Erth      21%        N/A       11%         2
 Ignite Poison            Fire/Tmut/Pois 25%        N/A       24%         3
 Poisonous Vapours        Pois/Air       28%        N/A       30%         2
 Blade Hands              Tmut           23%        N/A       32%         5
 Kiss of Death            Conj/Necr      24%        2d7       36%         1
 Magic Dart               Conj           24%        1d4       36%         1
 Sandblast                Erth           12%        2d6       36%         1
 Shock                    Conj/Air       24%        1d4       36%         1
 Mephitic Cloud           Conj/Pois/Air  11%        N/A       58%         3
 Olgreb's Toxic Radiance  Pois           22%        N/A       69%         4
 Confusing Touch          Hex            6%         N/A       75%         3
 Dazzling Flash           Conj/Hex       12%        N/A       75%         3
 Gell's Gravitas          Tloc           6%         N/A       75%         3
 Portal Projectile        Hex/Tloc       12%        N/A       75%         3
 Stone Arrow              Conj/Erth      12%        3d7       75%         3
 Swiftness                Air            6%         N/A       75%         3
 Teleport Other           Tloc           6%         N/A       75%         3
 Tukima's Dance           Hex            6%         N/A       75%         3
 Vhi's Electric Charge    Tloc/Air       12%        N/A       75%         3
 Volatile Blastmotes      Fire/Tloc      12%        2d11      75%         3
 Animate Armour           Summ/Erth      36%        N/A       80%         4
 Yara's Violent Unravell  Hex/Tmut       13%        3d7       88%         5
 Airstrike                Air            3%         2d(1-17)  98%         4
 Dispel Undead            Necr           6%         3d8       98%         4
 Iskenderun's Mystic Bla  Conj/Tloc      6%         2d4       98%         4
 Leda's Liquefaction      Hex/Erth       3%         N/A       98%         4
 Passage of Golubria      Tloc           6%         N/A       98%         4
 Arcjolt                  Conj/Air       3%         1d13      100%        5
 Dispersal                Tloc           3%         N/A       100%        6
 Iron Shot                Conj/Erth      3%         9d2       100%        6
 Plasma Beam              Fire/Air       3%         2x1d14    100%        6
 Starburst                Conj/Fire      3%         6d3       100%        6
 Storm Form               Tmut/Air       13%        N/A       100%        7
 Lehudib's Crystal Spear  Conj/Erth      3%         10d2      100%        8


Dungeon Overview and Level Annotations

Branches:
Dungeon (14/15)            Temple (1/1) D:5            Lair (5/5) D:8
  Swamp (3/4) Lair:2       Spider (0/4) Lair:3        Slime (0/5) Lair:4
    Orc (2/2) D:10            Elf (0/3) Orc:2        Vaults (0/5) D:13
Gauntlet (visited)

Altars:
Ashenzari
Cheibriados
Dithmenos
Elyvilon
Fedhas
Gozag
Hepliaklqana
Kikubaaqudgha
Makhleb
Nemelex Xobeh
Okawaru
Qazlal
Ru
Sif Muna
Trog
Uskayaw
Vehumet
Wu Jian
Xom
Yredelemnul
Zin
The Shining One
Jiyva

Shops:
D:5 *   D:10 [   Orc:1 ?   Orc:2 **(=

Portals:
Pandemonium: Orc:2

Annotations:
D:5 3 runed translucent doors, monsoonserge's ghost, novice MeEE
D:14 Louise
Swamp:1 1 runed translucent door, KCGemini's ghost, journeyman FeBe


Innate Abilities, Weirdness & Mutations

((You are very nimble when in or above water. (Stealth+, EV+, Speed+++)))
Your lower body shifts to a powerful aquatic tail in water.
You sometimes lose your temper in combat.
You occasionally lose the ability to drink potions when taking damage.


Message History

The seven-headed hydra misses you. The seven-headed hydra bites you!
* * * LOW HITPOINT WARNING * * *
The seven-headed hydra bites you but does no damage.
The alligator bites you.
* * * LOW HITPOINT WARNING * * *
The alligator barely misses you.
The bunyip howls a warning cry!
Unknown command.
The alligator attacks as you move away! You block the alligator's attack.
The alligator tail-slaps you but does no damage.
The goliath frog is engulfed in spectral mist.
The goliath frog dies!
The bunyip is engulfed in spectral mist.
The alligator bites you!
* * * LOW HITPOINT WARNING * * *
The alligator tail-slaps you.
* * * LOW HITPOINT WARNING * * *
The alligator bites you.
* * * LOW HITPOINT WARNING * * *
The alligator misses you. The alligator bites you!!
* * * LOW HITPOINT WARNING * * *
You block the alligator's attack.
Unknown command.
You cannot drink potions in your current state!
As you read the scroll of fear, it crumbles to dust.
You assume a fearsome visage.
The spectral death drake is unaffected.
The seven-headed hydra looks frightened!
The spectral spriggan berserker is unaffected.
The bunyip looks frightened!
The alligator looks frightened! x3
The bunyip is engulfed in spectral mist.
Your surroundings suddenly seem different.
Your legs become a tail as you dive into the water.
Your +2 pair of boots of rampaging melds into your body.
You no longer feel able to rampage towards enemies.
Your +2 pair of boots of rampaging unmelds from your body.
You feel ready to rampage towards enemies.
The ghost crab breathes spectral mist at you.
The spectral mist engulfs you but does no damage.
Found a stone staircase leading down.
You are engulfed in spectral mist.
You die...

♣....~.~.... ♣♣.~~.~....
.♣.♣..>~♣.
..§~~~.[.#+##....♣~~§§
.~..~..##...##...~~.~♣
.~.~..##..÷..##...♣~.♣
......#...#...#...~♣§♣ ♣...~
♣♣♣~..#..##....).~~~.♣ ♣~..~
♣♣......#...#..☼~~.♣ ♣♣.~.♣
♣..#......##.@§☼§.♣ ♣..~~♣ §
♣♣..##...##..♣§○~~♣
♣♣....♣♣~~
♣♣..###....♣♣§§~~♣♣♣≈≈≈≈≈≈≈.~
♣♣.......♣♣♣☼☼§~♣≈≈≈≈≈≈≈≈≈≈≈
♣~.....♣~♣♣.~~☼≈≈≈≈≈≈.~.≈≈≈
♣.♣~.~.^~♣♣≈≈≈≈§≈≈♣..t...♣♣
♣♣..~~.♣~.♣♣≈≈≈≈Z≈♣.○♣.~..~
♣~♣~~~.~..♣♣)♣≈°t°☼~≈≈♣♣≈.
♣.♣..~..(....t♣°°≈♣.♣≈≈≈♣~


You could see a ghost crab and a spectral death drake (summoned).

Vanquished Creatures
  An eleionoma (Swamp:1)
  2 bunyips (Swamp:2)
  A dire elephant (Lair:5)
  Josephine (Lair:3)
  5 hydras
  A vault guard (D:13)
  2 ghost crabs
  3 catoblepae
  3 demonspawn (Orc:2)
  4 centaur warriors (D:13)
  9 alligators
  A boulder beetle (Lair:5)
  A deep troll shaman (Lair:5)
  7 death yaks
  7 orc high priests (Orc:2)
  Urug (D:10)
  12 spriggans
  A sixfirhy (Orc:2)
  4 skeletal warriors (D:13)
  2 skysharks (Lair:5)
  3 fire crabs
  2 goliath frogs
  6 bog bodies
  A spriggan druid (Swamp:1)
  2 swamp dragons
  Pikel (D:6)
  7 orc knights
  3 deep elf pyromancers
  6 orc sorcerers (Orc:2)
  6 ugly things
  2 cyclopes (D:11)
  20 elephants
  A manticore (D:13)
  A rust devil (Gauntlet)
  8 black mambas
  A torpor snail (Lair:2)
  10 cane toads
  A gargoyle (D:12)
  3 rime drakes (Lair:5)
  A kobold demonologist (D:12)
  7 komodo dragons
  An ice devil (Orc:2)
  2 trolls
  4 polar bears
  11 hornets
  4 tyrant leeches
  12 blink frogs
  Sigmund (D:5)
  A centaur simulacrum (Gauntlet)
  2 culicivoras (Lair:3)
  A ynoxinul (Gauntlet)
  64 yaks
  5 fire bats (Gauntlet)
  2 vampires
  3 wyverns
  5 wraiths
  2 basilisks
  10 humans (D:13)
  18 vampire mosquitoes
  Menkaure (D:4)
  6 swamp worms
  A neqoxec (Orc:2)
  2 wargs (Orc:2)
  15 water moccasins
  Edmund (D:4)
  2 acid dragons
  2 hell hounds (Gauntlet)
  2 swamp drakes (Swamp:2)
  28 orc warriors
  A meliai simulacrum (Gauntlet)
  An ice beast (D:7)
  A sky beast (D:7)
  2 black bears
  8 ogres
  15 wolves
  15 centaurs
  2 phantoms
  5 kobold brigands
  10 bullfrogs
  5 gnoll sergeants
  3 scorpions
  13 wights
  4 killer bees
  An electric eel (Lair:3)
  A howler monkey (D:8)
  8 hounds
  A wyvern simulacrum (Gauntlet)
  Crazy Yiuf (D:7)
  2 iron imps (Gauntlet)
  2 gnoll boudas
  24 orc priests
  2 sleepcaps (D:7)
  6 iguanas
  18 orc wizards
  35 gnolls
  10 adders
  3 shadow imps
  2 white imps
  4 worms
  4 dart slugs
  85 orcs
  An endoplasm (D:4)
  6 giant cockroaches
  8 goblins
  4 hobgoblins
  9 kobolds
  4 quokkas
  8 ball pythons
  8 bats
  2 frilled lizards
  10 rats
722 creatures vanquished.

Vanquished Creatures (collateral kills)
  A minotaur (Gauntlet)
  An alligator (Swamp:1)
  A hornet (Swamp:2)
  An orc warrior (Orc:2)
  3 orcs (Orc:2)
7 creatures vanquished.

Vanquished Creatures (others)
  A goliath frog (Swamp:3)
  A bloated husk (Swamp:2)
  A human (D:13)
3 creatures vanquished.

Grand Total: 732 creatures vanquished

Notes
Turn   | Place    | Note
-------+----------+-------------------------------------------
     0 | D:1      | Chilbo the Merfolk Ice Elementalist began the quest for the
                  | Orb.
     0 | D:1      | Reached XP level 1. HP: 13/13 MP: 3/3
   405 | D:1      | Reached XP level 2. HP: 19/19 MP: 3/5
   639 | D:1      | Reached skill level 5 in Ice Magic
  1125 | D:2      | Reached XP level 3. HP: 24/24 MP: 6/6
  1196 | D:2      | Learned a level 3 spell: Frozen Ramparts
  1203 | D:2      | Reached skill level 1 in Polearms
  1469 | D:3      | Noticed a moth of wrath
  1604 | D:3      | Reached XP level 4. HP: 30/30 MP: 3/7
  1654 | D:3      | Found a faded altar of an unknown god.
  1736 | D:3      | Reached XP level 5. HP: 24/35 MP: 3/8
  1744 | D:3      | Reached skill level 5 in Polearms
  1744 | D:3      | Reached XP level 6. HP: 27/41 MP: 1/9
  1872 | D:3      | Found a stormy altar of Qazlal.
  1880 | D:3      | Found an iron altar of Okawaru.
  1997 | D:3      | Found a bloodstained altar of Trog.
  2359 | D:4      | Noticed a wyvern
  2366 | D:3      | Killed a wyvern
  2623 | D:4      | Reached XP level 7. HP: 44/46 MP: 7/10
  2627 | D:4      | Noticed Edmund
  2678 | D:4      | Found an ornate altar of the Wu Jian Council.
  2959 | D:4      | Killed Edmund
  3130 | D:4      | Noticed Menkaure
  3139 | D:5      | Entered Level 5 of the Dungeon
  3140 | D:5      | Found Hugutiw's Mayhem Merchandise.
  3156 | D:5      | Found a runed translucent gate.
  3156 | D:5      | Found a runed translucent gate.
  3156 | D:5      | Found a runed translucent gate.
  3191 | D:5      | Found a staircase to the Ecumenical Temple.
  3211 | Temple   | Entered the Ecumenical Temple
  3218 | Temple   | Became a worshipper of Makhleb the Destroyer
  3515 | D:5      | Reached XP level 8. HP: 23/52 MP: 3/11
  3757 | D:5      | Noticed monsoonserge's ghost (novice MeEE)
  3764 | D:5      | Noticed Sigmund
  3786 | D:5      | Killed Sigmund
  4182 | D:5      | Reached skill level 1 in Fighting
  4471 | D:6      | Reached skill level 10 in Polearms
  4653 | D:6      | Noticed Pikel
  4671 | D:6      | Killed Pikel
  4672 | D:6      | Reached XP level 9. HP: 43/65 MP: 3/12
  4721 | D:6      | Reached * piety under Makhleb
  4974 | D:6      | Identified the +0 robe of the Louse {rPois rF+ rN+ SInv}
  5163 | D:7      | Found a runed translucent door.
  5164 | D:7      | Noticed Crazy Yiuf
  5172 | D:7      | Killed Crazy Yiuf
  5493 | D:7      | Reached skill level 5 in Fighting
  5709 | D:7      | Found a glowing silver altar of Zin.
  5790 | D:7      | Found a radiant altar of Vehumet.
  6164 | D:7      | Learned a level 3 spell: Ozocubu's Armour
  6458 | D:8      | Found a staircase to the Lair.
  6458 | D:8      | Noticed a fire crab
  6521 | D:8      | Found a sparkling altar of Nemelex Xobeh.
  6709 | D:8      | Reached XP level 10. HP: 77/77 MP: 6/13
  7007 | D:8      | Killed a fire crab
  7007 | D:8      | Reached ** piety under Makhleb
  7234 | D:8      | Learned a level 4 spell: Summon Ice Beast
  7433 | D:9      | Reached skill level 3 in Dodging
  7492 | D:8      | Reached skill level 1 in Summonings
  7615 | Lair:1   | Entered Level 1 of the Lair of Beasts
  7624 | Lair:1   | Noticed a black mamba
  7636 | Lair:1   | Killed a black mamba
  7754 | Lair:1   | Noticed a black mamba
  7765 | Lair:1   | Killed a black mamba
  7766 | Lair:1   | Reached skill level 4 in Dodging
  7800 | Lair:1   | Noticed a cane toad
  7814 | Lair:1   | Killed a cane toad
  7907 | Lair:1   | Reached skill level 10 in Ice Magic
  7911 | Lair:1   | Reached skill level 5 in Dodging
  8404 | D:9      | Reached XP level 11. HP: 85/86 MP: 11/14
  8639 | D:10     | Entered Level 10 of the Dungeon
  8730 | D:10     | Reached skill level 6 in Dodging
  8912 | D:10     | Found a staircase to the Orcish Mines.
  9003 | D:10     | Reached *** piety under Makhleb
  9022 | D:10     | Reached skill level 7 in Dodging
  9226 | D:10     | Found Rivesets's Antique Armour Emporium.
  9466 | D:10     | Noticed Urug
  9573 | D:4      | Killed Menkaure
 10057 | Lair:1   | Reached skill level 1 in Poison Magic
 10304 | Lair:1   | Reached skill level 5 in Summonings
 10400 | Lair:1   | Reached skill level 1 in Shields
 10641 | Lair:2   | Noticed a four-headed hydra
 10659 | Lair:2   | Killed a four-headed hydra
 11073 | Lair:2   | Reached skill level 8 in Dodging
 11218 | Lair:2   | Reached skill level 9 in Dodging
 11218 | Lair:2   | Reached XP level 12. HP: 67/97 MP: 2/15
 11365 | Lair:2   | Reached skill level 10 in Fighting
 11394 | Lair:1   | Reached **** piety under Makhleb
 11491 | Lair:2   | Found a staircase to the Swamp.
 11541 | Lair:2   | Reached skill level 10 in Dodging
 11757 | Lair:3   | Identified the +7 great sword "Kawkupo" {heavy, rF+ rC+
                  | MP+9}
 12421 | Lair:3   | Reached skill level 11 in Dodging
 12672 | Lair:3   | Found a hole to the Spider Nest.
 13307 | Lair:4   | Noticed a five-headed hydra
 13323 | Lair:4   | Killed a five-headed hydra
 13324 | Lair:4   | Reached skill level 12 in Dodging
 13452 | Lair:4   | Reached XP level 13. HP: 99/107 MP: 18/18
 13647 | Lair:4   | Noticed Josephine
 13884 | Lair:5   | Entered Level 5 of the Lair of Beasts
 14156 | Lair:3   | Killed Josephine
 14506 | Lair:3   | Reached skill level 5 in Spellcasting
 14536 | Lair:4   | Reached ***** piety under Makhleb
 14650 | Lair:4   | Found a viscous altar of Jiyva.
 14651 | Lair:4   | Found a staircase to the Slime Pits.
 15022 | Lair:5   | Reached skill level 13 in Dodging
 15518 | Lair:5   | Reached skill level 1 in Invocations
 15928 | Lair:5   | Reached skill level 14 in Dodging
 15929 | Lair:5   | Reached XP level 14. HP: 112/118 MP: 18/21
 17049 | Lair:5   | Noticed a dire elephant
 17408 | Lair:5   | Killed a dire elephant
 17784 | D:10     | Killed Urug
 18063 | D:10     | Reached skill level 1 in Evocations
 19062 | D:11     | Identified the +1 robe "Lahu" {rPois}
 19624 | D:12     | Reached skill level 15 in Dodging
 19673 | D:12     | Reached ****** piety under Makhleb
 20440 | D:13     | Found a gate leading to a gauntlet.
 20445 | Gauntlet | Entered a Gauntlet
 20445 | Gauntlet | Found a transporter.
 20459 | Gauntlet | Found a transporter.
 20470 | Gauntlet | Found a transporter.
 20472 | Gauntlet | Found a large runed translucent door.
 20472 | Gauntlet | Found a large runed translucent door.
 20473 | Gauntlet | Found a large runed translucent door.
 20473 | Gauntlet | Found a large runed translucent door.
 20474 | Gauntlet | Found a large runed translucent door.
 20474 | Gauntlet | Found a large runed translucent door.
 20474 | Gauntlet | Found a runed translucent door.
 20474 | Gauntlet | Found a runed translucent door.
 20474 | Gauntlet | Found a large runed translucent door.
 20475 | Gauntlet | Found a transporter.
 20475 | Gauntlet | Found a large runed translucent door.
 20475 | Gauntlet | Found a large runed translucent door.
 20495 | Gauntlet | Found a large runed translucent door.
 20534 | Gauntlet | Found a transporter.
 20548 | Gauntlet | Found a transporter.
 20554 | Gauntlet | Found a transporter.
 20573 | Gauntlet | Found a transporter.
 20636 | Gauntlet | Found a transporter.
 20640 | Gauntlet | Found a transporter.
 20660 | Gauntlet | Found a transporter.
 20664 | Gauntlet | Found a transporter.
 20670 | Gauntlet | Identified the amulet of Ignis's Hope {Faith *Corrode +Inv
                  | rN+ Int+4}
 20716 | Gauntlet | Found a transporter.
 20838 | Gauntlet | Reached skill level 5 in Evocations
 20841 | Gauntlet | Found a transporter.
 20868 | Gauntlet | Found a transporter.
 20870 | Gauntlet | Found a transporter.
 20880 | Gauntlet | Identified the +8 morningstar of the Lumpy Shrikes {vamp,
                  | rC+}
 20880 | Gauntlet | Identified the +5 ring mail of the Stone Wall {rElec Int+3}
 20880 | Gauntlet | Identified the +1 kite shield of the Crypt {Int+5 Stlth+}
 20899 | Gauntlet | HP: 5/120 [minotaur/the +8 morningstar of the Lumpy Shrikes
                  | {vamp, rC+} (5)]
 20909 | Gauntlet | HP: 2/120 [minotaur/the +8 morningstar of the Lumpy Shrikes
                  | {vamp, rC+} (18)]
 20951 | Gauntlet | Got the Elucidation of Shaping
 21074 | D:13     | Found a frozen archway.
 21132 | D:13     | Reached XP level 15. HP: 71/126 MP: 16/22
 21438 | Orc:1    | Entered Level 1 of the Orcish Mines
 21438 | Orc:1    | Found Neurif's Magic Scroll Emporium.
 21581 | Orc:2    | Entered Level 2 of the Orcish Mines
 21820 | Orc:2    | Reached skill level 5 in Shields
 21871 | Orc:2    | Gained mutation: You occasionally lose the ability to drink
                  | potions when taking damage. [a neqoxec]
 21874 | Orc:2    | Gained mutation: You sometimes lose your temper in combat.
                  | [a neqoxec]
 21981 | Orc:2    | Found a staircase to the Elven Halls.
 22058 | Orc:2    | Found Myerummi's General Store.
 22063 | Orc:2    | Found Fimesh's General Store.
 22073 | Orc:2    | Paralysed by an orc sorcerer for 3 turns
 22204 | Orc:2    | Found Naop Boumeco's Antique Weapon Emporium.
 22204 | Orc:2    | Found a one-way gate leading to the halls of Pandemonium.
 22204 | Orc:2    | Found Riuthimp's Jewellery Shoppe.
 22309 | Orc:2    | Bought a potion of heal wounds for 55 gold pieces
 22309 | Orc:2    | Bought 2 potions of heal wounds for 110 gold pieces
 22309 | Orc:2    | Bought a potion of heal wounds for 55 gold pieces
 22366 | Orc:2    | Found a runed translucent door.
 23712 | D:13     | Got the Grimoire of the Inconstant Faeries
 23948 | D:13     | Reached skill level 1 in Transmutations
 23985 | D:13     | Reached skill level 10 in Shields
 23996 | D:13     | Found a gate to the Vaults.
 24085 | D:14     | Found a broken altar of Ashenzari.
 24127 | D:14     | Noticed Louise
 24598 | Swamp:1  | Entered Level 1 of the Swamp
 24873 | Swamp:1  | Reached skill level 5 in Transmutations
 24881 | Swamp:1  | Found a runed translucent door.
 24933 | Swamp:1  | Reached XP level 16. HP: 133/133 MP: 20/23
 25091 | Swamp:1  | Noticed KCGemini's ghost (journeyman FeBe)
 25577 | Swamp:1  | Learned a level 4 spell: Ice Form
 26634 | Swamp:3  | HP: 4/134 [alligator (19)]
 26638 | Swamp:3  | Engulfed by a ghost crab's spectral mist

Illustrated notes

Levels and vault maps discovered:
D:1:      dpeg_arrival_rooms_b, layout_loops_corners
D:2:      layout_basic, minivault_23
D:3:      layout_basic, jmf_multi_god_temple, tgw_trog,
          hellmonk_ecumenical_altar_arch_garden, kennysheep_orc_chapel
D:4:      layout_rooms, mainiacjoe_overflow_six_doors_small,
          chequers_serial_rivers_small_a, minmay_statues_item,
          kennysheep_generic_room_12, uniq_menkaure, uniq_edmund
D:5:      layout_loops_corners, minmay_temple_entry_wispy, gammafunk_ghost_icy,
          dreamdust_mushroom_princess, minmay_shop_mayhem,
          kennysheep_cluttered_room, hangedman_decor_points,
          chequers_serial_rivers_micro_e, nrook_mini_backslash, uniq_sigmund
D:6:      layout_cave_pools, uniq_pikel
D:7:      layout_loops_ring, fiery_altar_vehumet,
          mainiacjoe_overflow_surrounded_room, minmay_misc_feat_nine_boxes,
          uniq_crazy_yiuf_cottage
D:8:      layout_basic, nemelex_diamond_rough_becter, minmay_lair_entry_lava
D:9:      layout_loops_ring
D:10:     layout_basic, hiddenorc2_lemuel, serial_shops, shop, uniq_urug
D:11:     layout_irregular_city, minmay_misc_feat_tiny
D:12:     layout_loops_corners
D:13:     layout_rooms, ximxim_vaults_locker_room,
          portal_ice_cave_entry_pillars_2, gauntlet_entry_generic
D:14:     layout_basic, ashenzari_altar_1, uniq_jorgrun, uniq_louise
Temple:   nicolae_temple_no_exploring_needed
Lair:1:   layout_regular_city
Lair:2:   layout_misc_corridors, minmay_swamp_entry_swarm, grunt_megastairs_1
Lair:3:   layout_long_grid, hellmonk_spider_entry_life_and_decay,
          infiniplex_staircase_pool
Lair:4:   layout_small_grid, slime_entry_1, mumra_transporter_accident,
          nicolae_lair_yak_garden, uniq_josephine
Lair:5:   grunt_lair_end_beastmaster, layout_long_grid,
          chequers_serial_rivers_marsh, chequers_serial_rivers_room_a,
          grunt_megastairs_2
Swamp:1:  layout_basic_swamp, hellmonk_ghost_happy_afterlife,
          nicolae_swamp_ascending_descending
Swamp:2:  layout_basic_swamp, serial_swamp_ruin, hangedman_swamp_ruin_wall,
          evilmike_swamp_ruin_house_2
Swamp:3:  nicolae_swamp_tree_isthmus, layout_falls_marsh,
          evilmike_swamp_ruin_house_3, swamp_pool1
Orc:1:    layout_caves, serial_shops, shop
Orc:2:    pf_orc_diabolical, layout_diamond_mine, lightli_church_of_beogh

Skill      XL: |  1  2  3  4  5  6  7  8  9 10 11 12 13 14 15 16 |
---------------+-------------------------------------------------+-----
Ice Magic      | 5 6 7 8 9 10 12 13 | 13.8
Polearms       | 2 4 5 6 8 11 12 14 | 14.5
Fighting       | 4 6 8 9 11 13 14 | 14.3
Dodging        | 5 9 12 14 15 | 15.0
Summonings     | 3 5 |  5.0
Poison Magic   | 3 |  3.3
Shields        | 4 11 | 11.8
Spellcasting   | 3 5 |  5.0
Invocations    | 2 4 |  4.9
Evocations     | 6 |  6.2
Transmutations | 5 8 |  8.5
Stealth        | |  2.1

Action                     |  1- 3 |  4- 6 |  7- 9 | 10-12 | 13-15 | 16-18 || total
---------------------------+-------+-------+-------+-------+-------+-------++-------
  Melee: Unarmed           |    17 |       |       |       |       |       ||    17
         Short sword       |    34 |       |       |     6 |       |       ||    40
         Trident           |    40 |    79 |   324 |   597 |   704 |       ||  1744
         Punch             |       |       |     2 |     5 |       |       ||     7
         Demon trident     |       |       |       |       |   708 |   351 ||  1059
         Tailslap          |       |       |       |       |       |    10 ||    10
  Throw: Dart              |       |       |       |     3 |     3 |       ||     6
         Javelin           |       |       |       |       |       |     3 ||     3
   Cast: Freeze            |    31 |    25 |    63 |    31 |    42 |    12 ||   204
         Frozen Ramparts   |       |     2 |    29 |    61 |    95 |     6 ||   193
         Ozocubu's Armour  |       |       |       |    10 |    48 |    17 ||    75
         Summon Ice Beast  |       |       |       |     1 |     6 |     1 ||     8
 Invoke: Lesser Servant of |       |       |       |       |     1 |       ||     1
  Evoke: Wand              |       |       |       |       |     1 |     2 ||     3
    Use: Scroll            |       |       |     9 |     8 |    10 |     5 ||    32
         Potion            |       |       |     1 |       |     6 |       ||     7
   Stab: Sleeping          |     7 |     6 |     4 |     4 |     6 |       ||    27
         Petrified         |       |       |       |       |     3 |       ||     3
         Distracted        |       |       |       |       |     4 |       ||     4
         Petrifying        |       |       |       |       |     1 |       ||     1
 Armour: Robe              |    31 |    18 |    83 |   168 |   256 |       ||   556
         Ring mail         |       |       |       |       |   181 |   129 ||   310
  Dodge: Dodged            |    90 |    40 |   125 |   350 |   803 |   166 ||  1574
  Block: Buckler           |       |       |       |    73 |   149 |       ||   222
         Kite shield       |       |       |       |       |   324 |   221 ||   545
